 Seeded DCSS version 0.27-a0-978-g2aa4ecdaef (webtiles) character file.

Game seed: 20210414 (custom seed)

7 Splishie the Ruffian (level 1, -2/16 HPs)
             Began as a Draconian Transmuter on Apr 14, 2021.
             Slain by a jackal (3 damage)
             ... on level 1 of the Dungeon.
             The game lasted 00:01:26 (216 turns).

Splishie the Ruffian (Draconian Transmuter)          Turns: 216, Time: 00:01:27

Health: -2/16      AC:  4    Str: 12    XL:     1   Next: 83%
Magic:  3/3        EV: 12    Int: 13    God:
Gold:   12         SH:  0    Dex: 11    Spells: 3/4 levels left

rFire    . . .     SeeInvis .   c - +0 falchion
rCold    . . .     Faith    .   (no shield)
rNeg     . . .     Spirit   .   (armour unavailable)
rPois    .         Reflect  .   (helmet restricted)
rElec    .         Harm     .   (no cloak)
rCorr    .         Rampage  .   (no gloves)
Will     .....                  (no boots)
Stlth    +.........             (no amulet)
HPRegen  0.05/turn              (no ring)
MPRegen  0.08/turn              (no ring)

@: no status effects
A: AC +4, unfitting armour, cold-blooded
a: no special abilities


You were on level 1 of the Dungeon.
You visited 1 branch of the dungeon, and saw 1 of its levels.

You collected 12 gold pieces.

Inventory:

Hand Weapons
 a - a +0 dagger
 b - a +0 whip
 c - a +0 falchion (weapon)


   Skills:
 + Level 1.1 Fighting
 + Level 1.9 Dodging
 + Level 3.3 Unarmed Combat
 + Level 2.0 Spellcasting
 + Level 2.0 Transmutations


You had 3 spell levels left.
You knew the following spells:

 Your Spells              Type           Power      Damage    Failure   Level
a - Beastly Appendage     Tmut           12%        N/A       11%         1

Your spell library contained the following spells:

 Spells                   Type           Power      Damage    Failure   Level
 Wereblood                Tmut           6%         N/A       17%         2
 Spider Form              Tmut/Pois      1%         N/A       45%         3
 Ice Form                 Ice/Tmut       3%         N/A       86%         4
 Hydra Form               Tmut           3%         N/A       97%         5


Dungeon Overview and Level Annotations

Branches:
Dungeon (1/15)

Altars:


Innate Abilities, Weirdness & Mutations

Your plain brown scales are hard. (AC +4)
You cannot fit into any form of body armour.
You are cold-blooded and may be slowed by cold attacks.


Message History

The jackal bites you but does no damage.
You miss the jackal.
The jackal is heavily wounded.
Your horns disappear.
Your talons disappear.
The jackal bites you but does no damage. x2
The jackal barely misses you.
You are too injured to fight recklessly!
c - a +0 falchion (weapon)
The jackal bites you.
You barely miss the jackal.
The jackal is heavily wounded.
The jackal barely misses you.
You riposte.
You hit the jackal but do no damage.
The jackal is heavily wounded.
The jackal bites you but does no damage. x2
The jackal barely misses you.
You riposte.
You barely miss the jackal.
You tail-slap the jackal, but do no damage.
You punch the jackal.
The jackal is lightly wounded.
You closely miss the jackal. You tail-slap the jackal.
The jackal is almost dead.
The jackal bites you.
* * * LOW HITPOINT WARNING * * *
The jackal bites you but does no damage. x2
You hit the jackal.
You kill the jackal!
The jackal closely misses you. The jackal barely misses you.
The jackal barely misses you.
You riposte.
You barely miss the jackal.
You tail-slap the jackal, but do no damage.
You closely miss the jackal. The jackal bites you.
* * * LOW HITPOINT WARNING * * *
The jackal bites you but does no damage.
You hit the jackal.
The jackal is lightly wounded.
The jackal bites you.
* * * LOW HITPOINT WARNING * * *
You hit the jackal but do no damage.
The jackal is lightly wounded.
The jackal bites you but does no damage.
The jackal bites you.
You die...

..# +......##..#..#...#
#### ..#
#.8.....#...#...#..# ..#
#...#...#.#....##.# .#
#...###...##...# .#
#...#....#... ## #
........#.....##..
########################
##
...........##############
...######.......@hh......
...# #.########.###)##
...# #.# .# ...######.###
.. ............# ##.
....###≈###.### .#
....#.#≈#.#...# #
..###.#≈#.###.#
......#≈#.....#


You could see 2 jackals.

Vanquished Creatures
  A goblin (D:1)
  2 jackals (D:1)
  2 bats (D:1)
  A rat (D:1)
6 creatures vanquished.

Notes
Turn   | Place    | Note
-------+----------+-------------------------------------------
     0 | D:1      | Splishie the Draconian Transmuter began the quest for the
                  | Orb.
     0 | D:1      | Reached XP level 1. HP: 16/16 MP: 3/3
   216 | D:1      | Slain by a jackal

Illustrated notes

Levels and vault maps discovered:
D:1:      erik_arrival_cave_to_civilisation [erik_arrival_cave_to_temple],
          layout_basic, grunt_decor_cap

Action                   || total
-------------------------++-------
Melee: Whip              ||    13
       Unarmed           ||    10
       Falchion          ||     6
       Kick              ||     3
       Tailslap          ||     3
       Headbutt          ||     2
       Punch             ||     1
 Cast: Beastly Appendage ||     2
Armor: Skin              ||    27
Dodge: Dodged            ||    39
       Rpst.: Falchion   ||     3

Table legend: (Time is in decaauts)
 A = Elapsed time spent in this place.
 B = Non-inter-level travel time spent in this place.
 C = Inter-level travel time spent in this place.
 D = Time resting spent in this place.
 E = Time spent auto-exploring this place.
 F = Levels seen in this place.
 G = Mean time per level.
                   A        B        C        D        E       F      G
               +--------+--------+--------+--------+--------+-----+--------+
         Total |    217 |    217 |      0 |      0 |     81 |   1 |  217.0 |
       Dungeon |    217 |    217 |      0 |      0 |     81 |   1 |  217.0 |
               +--------+--------+--------+--------+--------+-----+--------+

Top non-repeatable levels by time:
     D:1: 217 daAuts
